 Dungeon Crawl Stone Soup version 0.29-a0-474-gdfe5cd140f (webtiles) character file.

Game seed: 18378199002174756726

7406 spaghetti the Protected (level 10, -2/70 HPs)
             Began as a Mummy Fighter on May 23, 2022.
             Was an Initiate of Yredelemnul.
             Slain by a boulder beetle (18 damage)
             ... on level 11 of the Dungeon.
             The game lasted 00:18:54 (9692 turns).

spaghetti the Protected (Mummy Fighter)             Turns: 9692, Time: 00:18:54

Health: -2/70      AC: 18    Str: 23    XL:     10   Next: 92%
Magic:  4/4        EV:  7    Int:  7    God:    Yredelemnul [......]
Gold:   198        SH: 11    Dex: 13    Spells: 9/9 levels left

rFire   x . .      SeeInvis .   s - +7 mace "Tusel" {antimagic, Dex+2, mace}
rCold   + + .      Faith    .   d - +0 kite shield
rNeg    + + +      Spirit   .   w - +0 chain mail "Osok" {Regen+ Dex-2 Stlth+}
rPois   ∞          Reflect  .   (no helmet)
rElec   .          Harm     .   u - +0 cloak
rCorr   .          Rampage  .   H - +2 pair of gloves {hurl}
Will    +....                   F - +0 pair of boots
Stlth   ..........              n - amulet of magic regeneration {@e2}
HPRegen 1.01/turn               r - ring of protection from cold
MPRegen 0.49/turn               k - +4 ring of slaying

@: no status effects
A: cold resistance 1, negative energy resistance 3, torment resistance 2, heat
vulnerability 1, in touch with death 1, no potions
a: Renounce Religion, Recall Undead Harvest


You were on level 11 of the Dungeon.
You worshipped Yredelemnul.
Yredelemnul was noncommittal.
You visited 1 branch of the dungeon, and saw 11 of its levels.

You collected 498 gold pieces.
You spent 300 gold pieces at shops.


Innate Abilities, Weirdness & Mutations

You are immune to poison.
Your flesh is cold resistant. (rC+)
You are immune to negative energy. (rN+++)
You are immune to unholy pain and torment.
You are vulnerable to heat. (rF-)
You are in touch with the powers of death.
You do not drink.


   Skills:
 - Level 3.0 Fighting
 + Level 3.7 Throwing
 - Level 11.3 Armour
 * Level 11.0 Shields
 - Level 6.4 Unarmed Combat
 + Level 4.8 Invocations


You had 9 spell levels left.
You didn't know any spells.
Your spell library contained the following spells:

 Spells                   Type           Power      Damage    Failure   Level
 Magic Dart               Conj           0%         1d3       99%         1
 Sandblast                Erth           0%         2d4       99%         1
 Shock                    Conj/Air       0%         1d3       99%         1
 Call Imp                 Summ           0%         N/A       100%        2
 Passwall                 Tmut/Erth      0%         N/A       100%        2
 Searing Ray              Conj           0%         2d4       100%        2
 Gell's Gravitas          Tloc           0%         N/A       100%        3
 Lesser Beckoning         Tloc           0%         N/A       100%        3
 Mephitic Cloud           Conj/Pois/Air  0%         N/A       100%        3
 Stone Arrow              Conj/Erth      0%         3d7       100%        3
 Summon Guardian Golem    Hex/Summ       0%         N/A       100%        3
 Swiftness                Air            0%         N/A       100%        3
 Teleport Other           Tloc           0%         N/A       100%        3
 Airstrike                Air            0%         N/A       100%        4
 Fulminant Prism          Conj/Hex       0%         3d6       100%        4
 Orb of Destruction       Conj           0%         9d5       100%        7
 Spellforged Servitor     Conj/Summ      0%         N/A       100%        7
 Summon Hydra             Summ           0%         N/A       100%        7
 Sublimation of Blood     Necr           Unusable   N/A       N/A         2
 Wereblood                Tmut           Unusable   N/A       N/A         2

Inventory:

Hand Weapons
 s - the +7 mace "Tusel" (weapon) {antimagic, Dex+2, mace}
   (You found it on level 6 of the Dungeon)

   It reduces the magical energy of the wielder, and disrupts the spells and
   magical abilities of those it strikes.
   Natural abilities and divine invocations are not affected.
   Dex:       It affects your dexterity (+2).
Missiles
 c - 4 silver boomerangs {throwing}
 e - 2 boomerangs {throwing}
 g - 202 stones (quivered) {throwing}
 j - 31 poisoned darts {throwing}
 A - 3 curare-tipped darts {=fthrowing}
Armour
 d - a +0 kite shield (worn)
   (You found it on level 5 of the Dungeon)
 o - a scarf of repulsion
   (You found it on level 2 of the Dungeon)
 u - a +0 cloak (worn)
   (You took it off Crazy Yiuf on level 2 of the Dungeon)
 w - the +0 chain mail "Osok" (worn) {Regen+ Dex-2 Stlth+}
   (You found it on level 4 of the Dungeon)

   Dex:       It affects your dexterity (-2).
   Regen:     It increases your rate of health regeneration.
   Stlth:     It makes you more stealthy.
 F - a +0 pair of boots (worn)
   (You found it on level 7 of the Dungeon)
 H - a +2 pair of gloves of hurling (worn)
   (You bought it in a shop on level 7 of the Dungeon)
Jewellery
 i - a ring of wizardry
   (You found it on level 11 of the Dungeon)
 k - a +4 ring of slaying (right hand)
   (You found it on level 11 of the Dungeon)
 n - an amulet of magic regeneration (around neck) {@e2}
   (You found it on level 2 of the Dungeon)
 r - a ring of protection from cold (left hand)
   (You found it on level 2 of the Dungeon)
 D - a ring of ice
   (You found it on level 5 of the Dungeon)
Wands
 h - a wand of paralysis (2)
   (You found it on level 11 of the Dungeon)
 l - a wand of flame (2)
   (You found it on level 11 of the Dungeon)
 C - a wand of mindburst (29)
   (You found it on level 8 of the Dungeon)
 E - a wand of digging (5)
   (You found it on level 7 of the Dungeon)
 G - a wand of iceblast (9)
   (You found it on level 5 of the Dungeon)
Scrolls
 a - a scroll of amnesia
 b - a scroll of fear
 f - 3 scrolls of teleportation {@r4}
 t - 2 scrolls of brand weapon
 x - 3 scrolls of identify {@r1}
 z - 2 scrolls of immolation {!r!r}

Dungeon Overview and Level Annotations

Branches:
Dungeon (11/15)            Temple (0/1) D:6
   Lair: D:8-11         Orc: D:9-12

Altars:
Cheibriados
Fedhas
Gozag
Makhleb
Okawaru
Ru
Sif Muna
Uskayaw
Vehumet
Yredelemnul
Zin

Shops:
D:6 ?   D:7 [(([

#.###.# +#
#.#...# .#
#.#.#.# .#
#.#.#.# #.##
#.#.#.#
###...##
#.....#
#......#
###.###
#.#...^######
#.#####....#
......
#.@B.....#.#
######
########## #


You could see a boulder beetle (corroded).


Message History

There's nothing to close nearby.
There are monsters nearby!
Unknown command.
Aiming: Corrosive Bolt
Press: ? - help, Shift-Dir - straight line, f/p - boulder beetle
Aim: a boulder beetle (lightly wounded, rolling, 100% to hit)
The bolt of acid hits the boulder beetle.
The acid corrodes the boulder beetle! 😮 HP[+1]
Aiming: Corrosive Bolt
Press: ? - help, Shift-Dir - straight line, f/p - boulder beetle
Aim: a boulder beetle (moderately wounded, rolling, covered in acid, 100% to hit)
The bolt of acid hits the boulder beetle!
The boulder beetle seems to be corroded for longer.
The bolt of acid hits the wraith!
The acid corrodes the wraith!
The boulder beetle barely misses you.
The boulder beetle stops rolling and uncurls. 😮 HP[+1]
Aiming: Corrosive Bolt
Press: ? - help, Shift-Dir - straight line, f/p - boulder beetle
Aim: a boulder beetle (moderately wounded, covered in acid, 100% to hit)
The bolt of acid hits the boulder beetle.
The bolt of acid hits the wraith!
The boulder beetle bites you but does no damage. 😮 HP[+1]
Aiming: Corrosive Bolt
Press: ? - help, Shift-Dir - straight line, f/p - boulder beetle
Aim: a boulder beetle (heavily wounded, covered in acid, 100% to hit)
The bolt of acid hits the boulder beetle.
The bolt of acid hits the wraith!
The wraith seems to be corroded for longer.
You destroy the wraith!
The boulder beetle leaps! 😮 HP[+1]
You start resting.
A boulder beetle is nearby! 😮 HP[+1]
Aiming: Throw Flame
Press: ? - help, Shift-Dir - straight line, f/p - boulder beetle
Aim: a boulder beetle (heavily wounded, covered in acid, 100% to hit)
The puff of flame hits the boulder beetle. 😮 HP[+1]
Aiming: Throw Flame
Press: ? - help, Shift-Dir - straight line, f/p - boulder beetle
Aim: a boulder beetle (heavily wounded, covered in acid, 100% to hit)
The puff of flame hits the boulder beetle but does no damage.
The boulder beetle curls into a ball and begins rolling! 😮 HP[+1]
Aiming: Throw Flame
Press: ? - help, Shift-Dir - straight line, f/p - boulder beetle
Aim: a boulder beetle (heavily wounded, rolling, covered in acid, 100% to hit)
The puff of flame hits the boulder beetle but does no damage. 😮 HP[+1]
Aiming: Throw Flame
Press: ? - help, Shift-Dir - straight line, f/p - boulder beetle
Aim: a boulder beetle (heavily wounded, rolling, covered in acid, 100% to hit)
The puff of flame hits the boulder beetle but does no damage. 😮 HP[+1]
Aiming: Corrosive Bolt
Press: ? - help, Shift-Dir - straight line, f/p - boulder beetle
Aim: a boulder beetle (heavily wounded, rolling, covered in acid, 100% to hit)
The bolt of acid hits the boulder beetle but does no damage. 😮 HP[+1]
Aiming: Corrosive Bolt
Press: ? - help, Shift-Dir - straight line, f/p - boulder beetle
Aim: a boulder beetle (heavily wounded, rolling, covered in acid, 100% to hit)
The bolt of acid hits the boulder beetle!
The boulder beetle seems to be corroded for longer.
You block the boulder beetle's attack.
The boulder beetle stops rolling and uncurls. 😮 HP[+1]
Aiming: Corrosive Bolt
Press: ? - help, Shift-Dir - straight line, f/p - boulder beetle
Aim: a boulder beetle (heavily wounded, covered in acid, 100% to hit)
The bolt of acid hits the boulder beetle!
The now-empty wand crumbles to dust.
You block the boulder beetle's attack. 😮 HP[+1] No previous command to re-do.
You hit the boulder beetle. The boulder beetle bites you!!
* * * LOW HITPOINT WARNING * * *
The boulder beetle closely misses you. 😨 HP[-21]
You take 21 damage, and now have 29/70 hp.
MASSIVE DAMAGE!! (PAUSE) Unknown command.
You hit the boulder beetle but do no damage.
The boulder beetle bites you.
* * * LOW HITPOINT WARNING * * *
😨 HP[-1]
You take 1 damage, and now have 28/70 hp.
You sock the boulder beetle! The boulder beetle bites you!
* * * LOW HITPOINT WARNING * * *
You block the boulder beetle's attack. 😱 HP[-13]
You take 13 damage, and now have 15/70 hp.
Unknown command.
Unknown command.
You hit the boulder beetle. The boulder beetle bites you!!
You die...
Yredelemnul claims you as an undead slave.

Skill      XL: |  1  2  3  4  5  6  7  8  9 10 |
---------------+-------------------------------+-----
Unarmed Combat | 2 3 4 5 6 |  6.4
Armour         | 3 4 5 6 8 11 | 11.3
Invocations    | 1 2 3 4 |  4.8
Shields        | 7 11 | 11.0
Throwing       | 3 |  3.7
Fighting       | |  3.0

Action                   |  1- 3 |  4- 6 |  7- 9 | 10-12 || total
-------------------------+-------+-------+-------+-------++-------
Melee: Unarmed           |   156 |   248 |   266 |       ||   670
       Mace              |       |       |   103 |   317 ||   420
Throw: Stone             |    11 |    23 |    15 |    17 ||    66
       Dart              |     8 |     3 |       |       ||    11
Evoke: Wand              |       |       |     7 |    19 ||    26
  Use: Scroll            |     2 |     1 |     9 |     4 ||    16
 Stab: Distracted        |       |     1 |     2 |     1 ||     4
Armor: Scale mail        |    66 |    86 |       |       ||   152
       Chain mail        |       |    87 |   273 |   231 ||   591
Dodge: Dodged            |    64 |   107 |   154 |   111 ||   436
Block: Buckler           |    19 |    49 |    99 |     7 ||   174
       Kite shield       |       |       |       |   213 ||   213

Levels and vault maps discovered:
D:1:      dpeg_arrival_arbitrary_c, layout_loops_ring,
          chequers_ecumenical_altar_grove, roderic_roman_lattice
D:2:      layout_loops_cross, uniq_crazy_yiuf_cottage, uniq_terence
D:3:      layout_loops_cross, nicolae_ru_sacrificial_ziggurat,
          grunt_temple_overflow_open, minmay_snake_closets
D:4:      layout_gridville
D:5:      layout_cave_pools, nicolae_uskayaw_murder_on_the_dancefloor,
          uniq_sigmund
D:6:      layout_rooms, mainiacjoe_overflow_24_doors, minmay_temple_entry_tees,
          serial_shops, nicolae_shop_advertising_works
          [nicolae_subvault_shop_adworks], small_statue_intersection,
          hangedman_decor_lopped, uniq_pikel
D:7:      layout_loops_ring, nicolae_overflow_crystal_walls,
          mainiacjoe_overflow_catwalk, serial_shops, shop, nicolae_shop_stone,
          nicolae_shop_waterfront, nicolae_stop_n_shop_2,
          nicolae_ossuary_entry_false_entrances, grunt_decor_arrowhead,
          minmay_manual_monolith
D:8:      layout_cave_pools, pdpol_temple_overflow_zin_treasury_gozag_greed
D:9:      minmay_spotlight, layout_long_grid, marbit_many_paths,
          mainiacjoe_overflow_cross_hatched, lair_entry_dummy,
          zombieorc2_lemuel, uniq_maurice
D:10:     layout_rooms
D:11:     layout_loops_corners, gauntlet_entry_generic

Notes
Turn   | Place    | Note
-------+----------+-------------------------------------------
     0 | D:1      | spaghetti the Mummy Fighter began the quest for the Orb.
     0 | D:1      | Reached XP level 1. HP: 18/18 MP: 1/1
     0 | D:1      | magus.rc [v1.9.6]
   139 | D:1      | Reached skill level 2 in Unarmed Combat
   139 | D:1      | Reached XP level 2. HP: 24/24 MP: 2/2
   722 | D:1      | Found a faded altar of an unknown god.
   744 | D:1      | Prayed at the altar of an unknown god.
   744 | D:1      | Became a worshipper of Yredelemnul the Dark
   744 | D:1      | Reached * piety under Yredelemnul
   962 | D:2      | Reached skill level 3 in Armour
   968 | D:2      | Noticed Terence
  1444 | D:3      | Found a sacrificial altar of Ru.
  1480 | D:3      | Gained mutation: You are in touch with the powers of death.
                  | [Mummy growth]
  1480 | D:3      | Reached XP level 3. HP: 26/29 MP: 3/3
  1633 | D:3      | You pick up a book of Displacement and begin reading...
  1633 | D:3      | You add the spells Lesser Beckoning, Gell's Gravitas and
                  | Teleport Other to your library.
  1652 | D:3      | Found a snail-covered altar of Cheibriados.
  1652 | D:3      | Found a radiant altar of Vehumet.
  1654 | D:3      | Found a shimmering blue altar of Sif Muna.
  1918 | D:3      | Reached ** piety under Yredelemnul
  2034 | D:3      | Reached XP level 4. HP: 30/35 MP: 4/4
  2078 | D:3      | Reached *** piety under Yredelemnul
  2316 | D:3      | Reached skill level 3 in Unarmed Combat
  2325 | D:4      | Identified the +0 chain mail "Osok" {Regen+ Dex-2 Stlth+}
  2337 | D:4      | Noticed a necrophage
  2353 | D:3      | HP: 8/35 [constriction (1)]
  2625 | D:3      | Identified a scroll of acquirement
  2625 | D:3      | Acquired a manual of Armour
  2892 | D:2      | Killed Terence
  2893 | D:2      | Reached XP level 5. HP: 25/41 MP: 5/5
  3401 | D:2      | You pick up a book of Air and begin reading...
  3401 | D:2      | You add the spells Shock, Swiftness and Airstrike to your
                  | library.
  3469 | D:2      | Found a runed translucent door.
  3470 | D:2      | Noticed Crazy Yiuf
  3710 | D:2      | Killed Crazy Yiuf
  3825 | D:3      | Reached skill level 1 in Invocations
  3938 | D:3      | Reached skill level 4 in Armour
  4085 | D:4      | Reached XP level 6. HP: 39/47 MP: 6/6
  4298 | D:4      | Reached skill level 4 in Unarmed Combat
  4386 | D:5      | Entered Level 5 of the Dungeon
  4406 | D:5      | Reached skill level 5 in Armour
  4406 | D:5      | Reached skill level 2 in Invocations
  4422 | D:5      | Found a hide-covered altar of Uskayaw.
  4424 | D:5      | You pick up a book of Geomancy and begin reading...
  4424 | D:5      | You add the spells Sandblast, Passwall and Stone Arrow to
                  | your library.
  4484 | D:5      | Reached XP level 7. HP: 31/52 MP: 8/8
  4579 | D:5      | Reached skill level 6 in Armour
  4623 | D:5      | Reached skill level 5 in Unarmed Combat
  4766 | D:5      | Noticed Sigmund
  4768 | D:5      | Killed Sigmund
  4769 | D:5      | Reached skill level 3 in Invocations
  4769 | D:5      | Reached XP level 8. HP: 58/58 MP: 10/10
  4786 | D:5      | You fall into a shaft and drop 3 floors!
  4852 | D:7      | Found Aggo's Weapon Shoppe.
  4868 | D:7      | Reached skill level 7 in Armour
  4934 | D:7      | Found Janaxil's Armour Shoppe.
  4959 | D:7      | Found Bacrol's Antique Weapon Shoppe.
  5097 | D:7      | Found a sand-covered staircase.
  5128 | D:7      | Reached skill level 8 in Armour
  5128 | D:7      | Reached skill level 6 in Unarmed Combat
  5302 | D:7      | Reached skill level 4 in Invocations
  5364 | D:7      | Found an iron altar of Okawaru.
  5370 | D:7      | Reached XP level 9. HP: 45/63 MP: 12/12
  5373 | D:7      | Reached skill level 3 in Shields
  5476 | D:6      | Found a staircase to the Ecumenical Temple.
  5542 | D:6      | Noticed Pikel
  5566 | D:6      | Killed Pikel
  5567 | D:6      | Reached skill level 9 in Armour
  5567 | D:6      | Reached skill level 4 in Shields
  5633 | D:6      | Reached skill level 5 in Shields
  5635 | D:6      | Found a burning altar of Makhleb.
  5697 | D:6      | Reached skill level 10 in Armour
  5708 | D:6      | Reached skill level 6 in Shields
  5807 | D:6      | Found Cahuynab's Magic Scroll Shop.
  5817 | D:6      | Bought a scroll of enchant armour for 105 gold pieces
  5828 | D:6      | Identified the +7 mace "Tusel" {antimagic, Dex+2}
  6478 | D:7      | Found Budimowk's Antique Armour Shoppe.
  6487 | D:7      | Bought a pair of runed gloves for 195 gold pieces
  6649 | D:7      | Found a blossoming altar of Fedhas.
  7030 | D:6      | Reached skill level 7 in Shields
  7161 | D:7      | Reached skill level 11 in Armour
  7170 | D:8      | You pick up a book of Minor Magic and begin reading...
  7170 | D:8      | You add the spells Magic Dart, Call Imp and Mephitic Cloud
                  | to your library.
  7297 | D:7      | Reached XP level 10. HP: 70/70 MP: 4/13
  7492 | D:8      | Reached skill level 8 in Shields
  7722 | D:8      | Found an opulent altar of Gozag.
  7905 | D:9      | Reached skill level 1 in Throwing
  7931 | D:9      | HP: 13/70 [kobold brigand/+0 dagger (6)]
  8055 | D:9      | HP: 7/70 [orc warrior/+0 long sword (23)]
  8135 | D:8      | HP: 16/70 [orc warrior/+0 long sword (15)]
  8139 | D:8      | Reached skill level 9 in Shields
  8244 | D:9      | Reached skill level 2 in Throwing
  8323 | D:10     | Entered Level 10 of the Dungeon
  8426 | D:10     | Reached skill level 10 in Shields
  8540 | D:10     | You pick up a book of Dangerous Friends and begin
                  | reading...
  8540 | D:10     | You add the spells Summon Guardian Golem, Orb of
                  | Destruction and Spellforged Servitor to your library.
  8571 | D:10     | Reached skill level 3 in Throwing
  8663 | D:10     | You pick up a book of Blood and begin reading...
  9342 | D:11     | Noticed a two-headed ogre
  9354 | D:11     | HP: 11/70 [two-headed ogre/+0 giant spiked club (17)]
  9356 | D:11     | Killed a two-headed ogre
  9357 | D:11     | Reached skill level 11 in Shields
  9482 | D:11     | You pick up a book of Conjurations {@e2} and begin
                  | reading...
  9482 | D:11     | You add the spells Searing Ray and Fulminant Prism to your
                  | library.
  9655 | D:11     | Noticed a boulder beetle
  9691 | D:11     | HP: 15/70 [boulder beetle (15)]
  9692 | D:11     | Slain by a boulder beetle

Vanquished Creatures
  A two-headed ogre (D:11)
  Pikel (D:6)
  3 wraiths
  Sigmund (D:5)
  A yak (D:9)
  A vampire (D:11)
  A wyvern (D:10)
  An acid dragon (D:10)
  2 water moccasins (D:7)
  9 orc warriors
  3 ice beasts
  2 sky beasts (D:7)
  An ogre (D:7)
  3 centaurs
  A phantom (D:9)
  2 kobold brigands
  2 necrophages
  A bullfrog (D:7)
  2 scorpions
  8 wights
  8 killer bees
  4 howler monkeys
  3 jellies (D:6)
  2 hounds
  An orc priest (D:10)
  Crazy Yiuf (D:2)
  2 iguanas
  6 orc wizards
  Terence (D:2)
  2 ogre zombies (D:9)
  7 adders
  2 white imps
  2 ufetubi
  4 worms
  3 dart slugs
  15 orcs
  5 endoplasms
  A giant cockroach (D:3)
  A goblin (D:1)
  10 hobgoblins
  6 jackals
  9 kobolds
  9 ball pythons
  4 bats
  3 frilled lizards
  A goblin skeleton (D:9)
  A goblin zombie (D:9)
  A hobgoblin zombie (D:9)
  An orc skeleton (D:9)
  3 orc zombies (D:9)
  5 rats
169 creatures vanquished.

Vanquished Creatures (collateral kills)
  2 steam dragons
  2 ogres
  A centaur (D:5)
  3 phantoms
  A kobold brigand (D:10)
  A scorpion (D:5)
  5 killer bees
  2 jellies
  An orc priest (D:10)
  A gnoll shaman (D:7)
  A hound (D:5)
  2 adders (D:3)
  5 orcs
  An endoplasm (D:4)
  A goblin (D:2)
  A hobgoblin (D:4)
  A jackal (D:4)
  3 ball pythons (D:3)
  A goblin zombie (D:9)
  A hobgoblin skeleton (D:9)
  3 kobolds
  A kobold zombie (D:10)
  5 orc zombies (D:9)
45 creatures vanquished.

Vanquished Creatures (others)
  A two-headed ogre zombie (D:11)
  A water moccasin (D:8)
  A wyvern zombie (D:10)
  A spectral ice beast (D:8)
  2 centaur zombies
  A bullfrog zombie (D:7)
  6 killer bee zombies
  An acid dragon zombie (D:10)
  2 hound zombies
  2 spectral jellies (D:6)
  3 howler monkey zombies
  A steam dragon zombie (D:6)
  An adder zombie (D:2)
  2 ball python zombies
  A frilled lizard zombie (D:2)
  A goblin zombie (D:2)
  A hobgoblin zombie (D:2)
  A jackal zombie (D:4)
  6 kobold zombies
  4 orc zombies
  A rat zombie (D:2)
  A spectral endoplasm (D:4)
  A spectral orc (D:6)
  2 spectral ufetubi
44 creatures vanquished.

Grand Total: 258 creatures vanquished

Table legend:
 A = Non-vault XP
 B = Vault XP
 C = Vault XP percentage of total XP
 D = Non-vault monster count
 E = Vault monster count
 F = Vault count percentage of total count
                 A         B        C        D         E       F
            +---------+---------+-------+---------+---------+-------
      Total |    7945 |    2636 |  24.9 |     166 |      48 |  22.4
            +---------+---------+-------+---------+---------+-------
        D:1 |      31 |       0 |   0.0 |      19 |       0 |   0.0
        D:2 |      47 |      71 |  60.2 |      16 |       2 |  11.1
        D:3 |     131 |      90 |  40.7 |      12 |      13 |  52.0
        D:4 |     247 |       0 |   0.0 |      18 |       0 |   0.0
        D:5 |     716 |     214 |  23.0 |      10 |       1 |   9.1
        D:6 |    1272 |     663 |  34.3 |      24 |       1 |   4.0
        D:7 |    1611 |     533 |  24.9 |      24 |       6 |  20.0
        D:8 |     442 |     137 |  23.7 |       9 |       1 |  10.0
        D:9 |     323 |     928 |  74.2 |       2 |      24 |  92.3
       D:10 |    1652 |       0 |   0.0 |      28 |       0 |   0.0
       D:11 |    1473 |       0 |   0.0 |       4 |       0 |   0.0
            +---------+---------+-------+---------+---------+-------

Illustrated notes

Table legend:
 A = Kills in this place as a percentage of kills in entire the game.
 B = Kills by you in this place as a percentage of kills by you in the entire game.
 C = Kills by friends in this place as a percentage of kills by friends in the entire game.
 D = Other kills in this place as a percentage of other kills in the entire game.
 E = Experience gained in this place as a percentage of experience gained in the entire game.
 F = Experience gained in this place divided by the number of levels of this place that you have seen.
                   A       B       C       D       E      F
               +-------+-------+-------+-------+-------+----------------------
         Total | 100.0 | 100.0 | 100.0 | 100.0 | 100.0 | 961.9
       Dungeon | 100.0 | 100.0 | 100.0 | 100.0 | 100.0 | 961.9
               +-------+-------+-------+-------+-------+----------------------

Table legend: (Time is in decaauts)
 A = Elapsed time spent in this place.
 B = Non-inter-level travel time spent in this place.
 C = Inter-level travel time spent in this place.
 D = Time resting spent in this place.
 E = Time spent auto-exploring this place.
 F = Levels seen in this place.
 G = Mean time per level.
                   A        B        C        D        E       F      G
               +--------+--------+--------+--------+--------+-----+--------+
         Total |  10481 |   9879 |    602 |   1404 |   6135 |  11 |  952.8 |
       Dungeon |  10481 |   9879 |    602 |   1404 |   6135 |  11 |  952.8 |
               +--------+--------+--------+--------+--------+-----+--------+

Top non-repeatable levels by time:
     D:2: 1607 daAuts
     D:7: 1456 daAuts
     D:3: 1438 daAuts
     D:6: 958 daAuts
     D:1: 879 daAuts
     D:8: 848 daAuts
    D:10: 844 daAuts
    D:11: 803 daAuts
     D:5: 776 daAuts
     D:4: 498 daAuts
     D:9: 373 daAuts
